 Seeded DCSS version 0.29.1-13-g9f3cf754e1 (webtiles) character file.

Game seed: 18334199546629406935 (custom seed)

7187 mathmaestro the Dealer of Despair (level 10, -17/81 HPs)
             Began as a Demonspawn Necromancer on Jan 23, 2023.
             Was an Elder of Kikubaaqudgha.
             Demolished by a white ugly thing (34 damage)
             ... on level 8 of the Dungeon on Jan 24, 2023.
             The game lasted 00:37:15 (11469 turns).

mathmaestro the Dealer of Despair (DsNe)           Turns: 11469, Time: 00:37:16

Health: -17/81     AC:  8    Str: 14    XL:     10   Next: 87%
Magic:  5/20       EV: 13    Int: 20    God:    Kikubaaqudgha [****..]
Gold:   623        SH:  4    Dex: 15    Spells: 2/22 levels left

rFire   . . .      SeeInvis .   L - staff of death
rCold   . . .      Faith    .   F - +0 buckler
rNeg    + . .      Spirit   .   E - +2 robe {Archmagi}
rPois   .          Reflect  .   (helmet restricted)
rElec   .          Harm     .   y - +0 cloak
rCorr   .          Rampage  .   l - +0 pair of gloves
Will    .....      Archmagi +   G - +0 pair of boots
Stlth   +++.......              (no amulet)
HPRegen 0.23/turn               g - +6 ring of strength
MPRegen 0.34/turn               n - ring of flight

@: flying, very slightly contaminated
A: antennae 2, rugged brown scales 1, powered by death 2, magic regeneration
a: Renounce Religion, Unearth Wretches


You were on level 8 of the Dungeon.
You worshipped Kikubaaqudgha.
Kikubaaqudgha was greatly pleased with you.
You visited 2 branches of the dungeon, and saw 12 of its levels.
You also visited: Sewer and Bailey.

You collected 623 gold pieces.

Inventory:

Hand Weapons
 H - a +2 hand axe of electrocution
Missiles
 z - 3 javelins
 I - 10 boomerangs (quivered)
Armour
 l - a +0 pair of gloves (worn)
 y - a +0 cloak (worn)
 E - a +2 robe of the Archmagi (worn)
 F - a +0 buckler (worn)
 G - a +0 pair of boots (worn)
Magical Staves
 L - a staff of death (weapon)
Jewellery
 a - a ring of protection from cold
 g - a +6 ring of strength (left hand)
 n - a ring of flight (right hand)
Wands
 C - a wand of light (1)
Scrolls
 f - 2 scrolls of immolation
 k - 3 scrolls of teleportation
 o - 2 scrolls of magic mapping
 p - 2 scrolls of fear
 r - 6 scrolls of fog
 s - 2 scrolls of poison
 v - a scroll of silence {unknown}
 x - a scroll of enchant armour
Potions
 b - a potion of magic
 c - 2 potions of curing
 d - 3 potions of attraction {unknown}
 e - 4 potions of degeneration {unknown}
 h - 5 potions of haste {unknown}
 i - 3 potions of might
 j - 3 potions of heal wounds
 q - a potion of flight {unknown}
 t - 2 potions of cancellation {unknown}
 u - 3 potions of mutation {unknown}
 w - 3 potions of invisibility
 A - 3 potions of lignification {unknown}
 B - a potion of berserk rage {unknown}
 D - a potion of resistance {unknown}


   Skills:
 + Level 7.2 Fighting
 + Level 3.4 Staves
 - Level 5.0 Dodging
 - Level 5.0 Stealth
 + Level 1.1 Shields
 + Level 6.9 Spellcasting
 - Level 5.0 Hexes
 + Level 9.3 Necromancy
 + Level 2.5 Translocations
 + Level 3.7 Evocations


You had 2 spell levels left.
You knew the following spells:

 Your Spells              Type           Power      Damage    Failure   Level
a - Necrotise             Necr           100%       1d9       1%          1
b - Vampiric Draining     Necr           79%        2d11      1%          3
c - Animate Dead          Necr           79%        N/A       2%          4
d - Sublimation of Blood  Necr           79%        N/A       1%          2
e - Anguish               Hex/Necr       34%        N/A       7%          4
f - Blink                 Tloc           50%        N/A       7%          2
g - Dispel Undead         Necr           79%        3d26      2%          4

Your spell library contained the following spells:

 Spells                   Type           Power      Damage    Failure   Level
 Slow                     Hex            100%       N/A       1%          1
 Confusing Touch          Hex            40%        N/A       4%          3
 Agony                    Necr           79%        N/A       8%          5
 Lesser Beckoning         Tloc           25%        N/A       13%         3
 Corpse Rot               Necr/Pois/Air  43%        N/A       34%         4
 Borgnjor's Vile Clutch   Necr/Erth      27%        N/A       45%         5
 Petrify                  Tmut/Erth      10%        N/A       77%         4
 Manifold Assault         Tloc           25%        N/A       77%         5
 Metabolic Englaciation   Hex/Ice        12%        N/A       77%         5
 Summon Mana Viper        Hex/Summ       25%        N/A       77%         5
 Summon Forest            Summ/Tloc      9%         N/A       90%         5
 Simulacrum               Ice/Necr       27%        N/A       96%         6
 Statue Form              Tmut/Erth      6%         N/A       100%        6
 Summon Cactus Giant      Summ           5%         N/A       100%        6


Dungeon Overview and Level Annotations

Branches:
Dungeon (11/15)            Temple (1/1) D:7            Lair (0/5) D:11
    Orc (0/2) D:9           Sewer (visited)          Bailey (visited)

Altars:
Ashenzari
Cheibriados
Dithmenos
Fedhas
Gozag
Hepliaklqana
Kikubaaqudgha
Makhleb
Nemelex Xobeh
Okawaru
Qazlal
Ru
Sif Muna
Trog
Uskayaw
Vehumet
Wu Jian
Xom
Yredelemnul

Annotations:
D:4 1 runed translucent door, sigtrap's ghost, novice GnFi
D:10 Erolcha


Innate Abilities, Weirdness & Mutations

You have a pair of antennae on your head.
You are partially covered in rugged brown scales. (AC +1, +3% HP)
You regenerate health from kills.
You regenerate magic rapidly.


Message History

You are very lightly contaminated with residual magic.
Nothing appears to happen.
The white ugly thing tail-slaps you! The white ugly thing freezes you!!
* * * LOW HITPOINT WARNING * * *
Unknown command.
Casting: Anguish (dangerous; 7% risk of failure)
Confirm with . or Enter, or press ? or * to list all spells.
You feel a surge of power!
You blink.
Unknown command.
Casting: Blink (safe; 7% risk of failure)
Confirm with . or Enter, or press ? or * to list all spells.
Casting: Anguish (dangerous; 7% risk of failure)
Press: ? - help, Dir - look around, f - activate You feel a strong surge of power!
The white ugly thing is haunted by guilt!
Unknown command.
Casting: Anguish (dangerous; 7% risk of failure)
Confirm with . or Enter, or press ? or * to list all spells.
Aiming: Vampiric Draining (safe; 1% risk of failure)
Press: ? - help, Shift-Dir - straight line, f - white ugly thing
Aim: a white ugly thing (anguished)
You feel a strong surge of power!
You draw life force from the white ugly thing!
You feel life coursing into your body.
The white ugly thing tail-slaps you but does no damage.
Unknown command.
Casting: Vampiric Draining (safe; 1% risk of failure)
Confirm with . or Enter, or press ? or * to list all spells.
Aiming: Vampiric Draining (safe; 1% risk of failure)
Press: ? - help, Shift-Dir - straight line, f/p - white ugly thing
Aim: a white ugly thing (lightly wounded, anguished)
You feel a strong surge of power!
You draw life force from the white ugly thing!
You feel life coursing into your body!
You feel stable enough to blink again. The white ugly thing tail-slaps you!
* * * LOW HITPOINT WARNING * * *
The white ugly thing freezes you!!
You die...
Kikubaaqudgha rasps: "You have failed me!
Welcome... death!"

####### #.....#
##################.###.#
#######....................#.#
#............###.......#.#.#.#
#.#####.##.....#@......[.....#
#.#
###.##.#.#.#u...<...##.######
#.#
#....#..................[....
#.#
#.#..#.#.#.#>..^........)..##
#.#
#>#..#.....#........##..##.#
#.#
#.#....#.#.........###..##.##
#.# #.##...#.#.#####.###
#<.##.## #.# #.##...#.#.#
#.#####..##... #.#
#.##...#...#####........#####


You could see a white ugly thing (anguished).

Vanquished Creatures
  A manticore (D:9)
  A hornet (D:9)
  A shadow (D:10)
  Sigmund (D:6)
  4 yaks (D:9)
  2 wyverns
  A steam dragon (D:8)
  3 water moccasins (D:7)
  4 orc warriors
  An ice beast (D:6)
  A sky beast (D:7)
  2 ogres
  A black bear (D:5)
  2 centaurs
  3 phantoms
  2 kobold brigands
  A necrophage (D:8)
  5 bullfrogs
  2 gnoll sergeants
  A scorpion (D:7)
  A wight (D:8)
  A troll zombie (D:9)
  9 killer bees
  A jelly (D:4)
  2 hounds (D:5)
  4 orc priests
  An iguana (D:6)
  9 orc wizards
  2 ogre zombies (D:9)
  16 gnolls
  A river rat (Sewer)
  9 adders
  2 shadow imps (D:6)
  2 white imps (D:6)
  4 ufetubi
  2 worms
  2 dart slugs
  39 orcs
  9 endoplasms
  2 giant cockroaches
  6 goblins
  5 hobgoblins
  3 quokkas
  14 ball pythons
  4 bats
  A frilled lizard (Sewer)
  A goblin skeleton (D:9)
  4 goblin zombies (D:9)
  17 kobolds
  An orc skeleton (D:9)
  2 orc zombies (D:9)
  22 rats
237 creatures vanquished.

Vanquished Creatures (collateral kills)
  A yak (D:9)
  An orc warrior (Bailey)
  A phantom (D:9)
  A kobold brigand (D:9)
  An orc wizard (D:9)
  A gnoll (D:9)
  An orc (D:8)
  3 kobolds (D:8)
  6 ball pythons
  A frilled lizard (Sewer)
  2 hobgoblin skeletons (D:9)
  A hobgoblin zombie (D:9)
  An orc skeleton (D:9)
  6 orc zombies (D:9)
  6 rats
33 creatures vanquished.

Vanquished Creatures (others)
  An orc warlord (Bailey)
  A hornet (D:9)
  A hornet zombie (D:9)
  3 wights
  A bullfrog zombie (D:6)
  An orc wizard (D:9)
  3 killer bee zombies (D:8)
  2 gnolls (D:9)
  An adder zombie (Sewer)
  A human zombie (D:6)
  6 gnoll zombies (D:9)
  3 kobolds (D:9)
  A ball python zombie (Sewer)
  12 kobold zombies
  15 orc zombies
  2 demonic plants (D:6)
54 creatures vanquished.

Grand Total: 324 creatures vanquished

Notes
Turn   | Place    | Note
-------+----------+-------------------------------------------
     0 | D:1      | mathmaestro the Demonspawn Necromancer began the quest for
                  | the Orb.
     0 | D:1      | Reached XP level 1. HP: 13/13 MP: 3/3
   343 | D:1      | Gained mutation: You are partially covered in rugged brown
                  | scales. (AC +1, +3% HP) [demonic ancestry]
   343 | D:1      | Reached XP level 2. HP: 14/20 MP: 1/5
  1138 | D:2      | Reached skill level 1 in Fighting
  1138 | D:2      | Reached XP level 3. HP: 26/26 MP: 3/6
  1684 | D:2      | Gained mutation: You have a pair of small antennae on your
                  | head. [demonic ancestry]
  1684 | D:2      | Reached XP level 4. HP: 24/32 MP: 0/7
  1825 | D:2      | Learned a level 3 spell: Vampiric Draining
  1830 | D:2      | Learned a level 4 spell: Animate Dead
  1883 | D:3      | Found a glowing drain.
  1910 | Sewer    | Entered a sewer
  2415 | Sewer    | Reached skill level 5 in Necromancy
  2415 | Sewer    | Reached XP level 5. HP: 32/39 MP: 3/9
  2485 | Sewer    | Gained mutation: You regenerate magic rapidly. [demonic
                  | ancestry]
  2485 | Sewer    | Reached XP level 6. HP: 27/46 MP: 0/10
  2673 | D:3      | Found a faded altar of an unknown god.
  3628 | D:4      | Found a runed translucent door.
  3728 | D:4      | Noticed sigtrap's ghost (novice GnFi)
  4168 | D:4      | Found an ancient bone altar of Kikubaaqudgha.
  4179 | D:4      | Became a worshipper of Kikubaaqudgha
  4332 | D:5      | Entered Level 5 of the Dungeon
  4682 | D:5      | Gained mutation: You regenerate a little health from kills.
                  | [demonic ancestry]
  4682 | D:5      | Reached XP level 7. HP: 46/53 MP: 9/12
  5195 | D:5      | Reached * piety under Kikubaaqudgha
  5195 | D:5      | Received a gift from Kikubaaqudgha
  5206 | D:5      | Reached skill level 6 in Necromancy
  5293 | D:5      | Noticed a troll
  5810 | D:6      | Learned a level 2 spell: Sublimation of Blood
  6057 | D:6      | Learned a level 4 spell: Anguish
  6101 | D:6      | Noticed Sigmund
  6113 | D:5      | Reached XP level 8. HP: 57/61 MP: 14/14
  6144 | D:6      | Killed Sigmund
  6145 | D:6      | Reached skill level 1 in Hexes
  6145 | D:6      | Your ally Sigmund died
  7057 | D:6      | Learned a level 2 spell: Blink
  7127 | D:7      | Reached skill level 5 in Stealth
  7131 | D:7      | Found a flagged portal.
  7142 | D:7      | Reached skill level 7 in Necromancy
  7261 | Bailey   | Entered a bailey
  7270 | Bailey   | Noticed an orc warlord
  7378 | Bailey   | Found a runed translucent gate.
  7380 | Bailey   | Found a runed translucent gate.
  7384 | Bailey   | Found a runed translucent gate.
  7401 | Bailey   | Reached ** piety under Kikubaaqudgha
  7402 | Bailey   | Reached skill level 5 in Dodging
  7404 | Bailey   | Reached skill level 5 in Fighting
  7404 | Bailey   | Reached skill level 5 in Spellcasting
  7404 | Bailey   | Gained mutation: You regenerate health from kills. [demonic
                  | ancestry]
  7404 | Bailey   | Reached XP level 9. HP: 38/70 MP: 2/16
  7736 | Bailey   | Killed an orc warlord
  7737 | Bailey   | Reached skill level 8 in Necromancy
  7981 | Bailey   | Acquired a staff of death
  8184 | D:7      | Found a staircase to the Ecumenical Temple.
  8321 | D:7      | Found a stormy altar of Qazlal.
  8676 | D:7      | Reached skill level 1 in Evocations
  8727 | D:7      | Reached skill level 1 in Staves
  8867 | Temple   | Entered the Ecumenical Temple
  9465 | D:8      | Gained mutation: You have a pair of antennae on your head.
                  | [demonic ancestry]
  9465 | D:8      | Reached XP level 10. HP: 74/77 MP: 14/19
  9561 | D:8      | Reached skill level 5 in Hexes
  9933 | D:8      | Reached *** piety under Kikubaaqudgha
  9933 | D:8      | Received a gift from Kikubaaqudgha
  9949 | D:8      | Learned a level 4 spell: Dispel Undead
  9976 | D:8      | You are sucked into a shaft and drop 3 floors!
  9995 | D:10     | Entered Level 10 of the Dungeon
 10014 | D:10     | Noticed Erolcha
 10197 | D:9      | Paralysed by a hornet for 3 turns
 10216 | D:9      | Reached skill level 1 in Translocations
 10216 | D:9      | Found a staircase to the Orcish Mines.
 10489 | D:9      | Noticed a five-headed hydra
 10489 | D:9      | Noticed an eight-headed hydra
 10509 | D:8      | Reached skill level 9 in Necromancy
 11065 | D:9      | Reached **** piety under Kikubaaqudgha
 11080 | D:9      | Paralysed by a hornet for 2 turns
 11216 | D:9      | Noticed a manticore
 11235 | D:9      | Killed a manticore
 11236 | D:9      | Reached skill level 1 in Shields
 11462 | D:9      | Noticed a white ugly thing
 11462 | D:9      | Noticed a boulder beetle
 11469 | D:8      | Demolished by a white ugly thing

Illustrated notes

Levels and vault maps discovered:
D:1:      shiori_shiawase, layout_loops_ring, st_stairs_7
D:2:      layout_basic, minmay_large_rounded_square
D:3:      layout_basic, portal_sewer_entry_a, hellmonk_ecumenical_altar_blasted
D:4:      layout_loops_corners, kiku_gazebo_garden_becter, ebering_ghost_sewer_d
D:5:      layout_basic
D:6:      layout_cave_pools, serial_demonic, serial_demonic_b, serial_demonic_c,
          serial_demonic_d, serial_demonic_g, uniq_sigmund
D:7:      layout_basic, lemuel_coloured_pillars_altar,
          minmay_temple_entry_mini_moons, enter_bailey_2
D:8:      layout_loops_ring
D:9:      minmay_the_grid_triangle_9x9_recursive_2_mashed
          [minmay_the_grid_triangle_9x9_prize_top_heavy,
          minmay_the_grid_triangle_9x9_limited_checkers,
          minmay_the_grid_triangle_9x9_corruption,
          minmay_the_grid_triangle_9x9_dagger], layout_cave_pools,
          zombieorc1_lemuel, minmay_protected_statue
D:10:     kennysheep_steamy, layout_loops_ring, chequers_big_river,
          uniq_erolcha, uniq_maggie
D:11:     layout_basic, erik_lair_dragon, lemuel_nasty_fountain
Temple:   nicolae_temple_slightly_damp_pantheon

Skill      XL: |  1  2  3  4  5  6  7  8  9 10 |
---------------+-------------------------------+-----
Stealth        | 2 3 4 5 |  5.0
Dodging        | 2 3 4 5 |  5.0
Fighting       | 1 2 3 5 6 7 |  7.2
Necromancy     | 5 6 7 8 9 |  9.3
Spellcasting   | 3 4 5 6 |  6.9
Hexes          | 3 4 5 |  5.0
Evocations     | 1 3 |  3.7
Staves         | 1 3 |  3.4
Translocations | 2 |  2.5
Shields        | 1 |  1.1

Action                   |  1- 3 |  4- 6 |  7- 9 | 10-12 || total
-------------------------+-------+-------+-------+-------++-------
Melee: Whip              |    11 |       |       |       ||    11
       Flail             |       |    73 |   164 |       ||   237
       Punch             |       |       |     4 |       ||     4
       Staff             |       |       |    80 |   152 ||   232
Throw: Javelin           |       |       |     4 |       ||     4
 Cast: Necrotise         |    59 |    55 |    99 |    10 ||   223
       Animate Dead      |       |     1 |     4 |     4 ||     9
       Vampiric Draining |       |     7 |    48 |    38 ||    93
       Anguish           |       |       |     3 |     6 ||     9
       Dispel Undead     |       |       |       |    15 ||    15
       Blink             |       |       |       |     1 ||     1
       Sublimation of Bl |       |       |       |     1 ||     1
Evoke: Wand              |       |       |       |     2 ||     2
  Use: Scroll            |       |     6 |     9 |     5 ||    20
       Potion            |       |       |     1 |     4 ||     5
 Stab: Sleeping          |       |     6 |     2 |       ||     8
       Invisible         |       |       |       |     1 ||     1
Armor: Robe              |     4 |    35 |   142 |   109 ||   290
Dodge: Dodged            |    10 |    78 |   277 |   208 ||   573
Block: Buckler           |       |       |       |     6 ||     6
